 Dungeon Crawl Stone Soup version 0.23.2-40-g277498a (webtiles) character file.

Game seed: 2910860853091842196

15 EternalSandwich the Insei (level 2, 0/18 HPs)
             Began as an Octopode Transmuter on Oct 22, 2019.
             Slain by a hobgoblin
             ... wielding a +0 club
              (4 damage)
             ... on level 1 of the Dungeon.
             The game lasted 00:00:43 (196 turns).

EternalSandwich the Insei (Octopode Transmuter)      Turns: 196, Time: 00:00:43

Health: 0/18       AC:  1    Str:  9    XL:     2   Next: 50%
Magic:  4/5        EV: 13    Int: 15    God:
Gold:   31         SH:  0    Dex: 12    Spells: 4/5 levels left

rFire    . . .     SeeInvis .   b - +0 dagger
rCold    . . .     Gourm    .   (no shield)
rNeg     . . .     Faith    .   (helmet restricted)
rPois    .         Spirit   .   (no amulet)
rElec    .         Reflect  .   (no ring)
rCorr    .         Harm     .   (no ring)
MR       .....                  (no ring)
Stlth    ++........             (no ring)
HPRegen  0.06/turn              (no ring)
MPRegen  0.09/turn              (no ring)
                                (no ring)
                                (no ring)

@: appendage (expiring)
A: almost no armour, stealthy swim, amphibious, 8 rings, constrict 8, tentacle
spike 3, camouflage 1, gelatinous body 1
a: End Transformation


You were on level 1 of the Dungeon.
You were not hungry.
One of your tentacles had a temporary spike.
You visited 1 branch of the dungeon, and saw 1 of its levels.

You collected 31 gold pieces.

Inventory:

Hand Weapons
 b - a +0 dagger (weapon)
Missiles
 a - 36 arrows
Scrolls
 d - a scroll of remove curse {unknown}
Comestibles
 c - a ration


   Skills:
 - Level 1.0 Fighting
 - Level 2.0 Dodging
 + Level 3.4 Unarmed Combat
 - Level 2.0 Spellcasting
 + Level 2.5 Transmutations


You had 4 spell levels left.
You knew the following spells:

 Your Spells              Type           Power        Failure   Level  Hunger
a - Beastly Appendage     Tmut           #.....       8%          1    #......

Your spell library contained the following spells:

 Spells                   Type           Power        Failure   Level  Hunger
 Sticks to Snakes         Tmut           #.......     12%         2    ###....
 Spider Form              Tmut/Pois      #.........   36%         3    ###....
 Ice Form                 Ice/Tmut       #.......     78%         4    #####..
 Blade Hands              Tmut           #.........   91%         5    ######.


Dungeon Overview and Level Annotations

Branches:
Dungeon (1/15)

Altars:


Innate Abilities, Weirdness & Mutations

You cannot wear most types of armour.
You are very stealthy in the water. (Stealth+)
You are amphibious.
You can wear up to eight rings at the same time.
You can use your tentacles to constrict eight enemies at once.
Your skin changes colour to match your surroundings (Stealth+).
Your rubbery body absorbs attacks. (AC +1, EV +1)
One of your tentacles bears a large vicious spike.


Message History

One of your tentacles grows a vicious spike.
The leopard gecko completely misses you.
The leopard gecko barely misses you.
You hit the leopard gecko but do no damage.
You grab the leopard gecko. You constrict the leopard gecko.
The leopard gecko barely misses you.
You hit the leopard gecko.
You pierce the leopard gecko.
You kill the leopard gecko!
You hit the hobgoblin. Your grab misses the hobgoblin.
The hobgoblin is lightly wounded.
The hobgoblin closely misses you.
You barely miss the hobgoblin. Your grab misses the hobgoblin.
Your tentacle spike misses the hobgoblin.
The hobgoblin is lightly wounded.
Your transformation is almost over.
The hobgoblin barely misses you.
You hit the hobgoblin. Your grab misses the hobgoblin.
The hobgoblin is severely wounded.
The hobgoblin hits you with a +0 club.
You die...

#####................
#.###...#####....
######.###.............
##.....#......####......
.'...........#### ....
##..#......#....# #.#
#.........####.###.#
#####..#...# #..##.#
...##.#)...# ##@##.###
...).......# #.g....#
...#####..)#
###.[#.##### .. #...#
##.......# . #####
###.....# #....# #####


You could see a hobgoblin.

Vanquished Creatures
  A leopard gecko (D:1)
  3 goblins (D:1)
  3 jackals (D:1)
  2 bats (D:1)
  A frilled lizard (D:1)
  2 kobolds (D:1)
  A rat (D:1)
13 creatures vanquished.

Notes
Turn   | Place    | Note
-------+----------+-------------------------------------------
     0 | D:1      | EternalSandwich the Octopode Transmuter began the quest for
                  | the Orb.
     0 | D:1      | Reached XP level 1. HP: 13/13 MP: 3/3
    61 | D:1      | Reached XP level 2. HP: 15/18 MP: 3/5
   196 | D:1      | Slain by a hobgoblin

Action                   || total
-------------------------++-------
Melee: Dagger            ||    22
       Unarmed           ||     6
       Constrict         ||    10
       Kick              ||     8
       Tentacles         ||     2
 Cast: Beastly Appendage ||     4
Armor: Skin              ||     2
Dodge: Dodged            ||    21
